 Dungeon Sprint DCSS version 0.30-a0-1114-gd936c97349 (webtiles) character file.

Game seed: 10040502476701531195

147180 123456 the Conqueror (level 16, -16/183 HPs)
             Began as a Minotaur Fighter on Apr 20, 2023.
             Was the Champion of Makhleb.
             Demolished by a tainted leviathan (19 damage)
             ... in the Dungeon (Sprint V: "Ziggurat Sprint").
             The game lasted 00:20:15 (2054 turns).

123456 the Conqueror (Minotaur Fighter)             Turns: 2054, Time: 00:20:15

Health: -16/183    AC: 41    Str: 32    XL:     16   Next: 91%
Magic:  26/26      EV: 21    Int:  9    God:    Makhleb [******]
Gold:   0          SH: 36    Dex: 15    Spells: 15/15 levels left

rFire   + . .      SeeInvis +    B - +16 obsidian axe {drain, demonic, Mesm Drain Fly SInv}
rCold   . . .      Faith    .    D - +18 shield of the Gong {Loud rN+ Will+ rCorr EV-5}
rNeg    + . .      Spirit   .    C - +15 Maxwell's patent armour {-Cast -Tele rElec Will+ rCorr}
rPois   .          Reflect  .    (helmet restricted)
rElec   +          Rampage  .    U - +0 cloak {Will+}
rCorr   +          NoTele   +    F - +0 pair of gloves {Str+3}
Will    ++++.      NoCast   +    (no boots) Stlth Rage 3%
                                 (no amulet)
HPRegen 0.50/turn                r - ring of Oenomania {rElec rF+ EV+5 Str+3}
MPRegen 0.20/turn                v - +6 ring of strength

@: lethally poisoned (-16 -> -38), flying, mesmerised, slowed, studying 3
skills, very slow
A: horns 2, retaliatory headbutt, berserk 1, clever 1, low MP 1, weak 1,
evolution 1, subdued magic 1
a: Renounce Religion, Minor Destruction, Lesser Servant of Makhleb, Major
Destruction, Greater Servant of Makhleb


You were in the Dungeon.
You worshipped Makhleb.
Makhleb was exalted by your worship.
You visited 1 branch

Inventory:

Hand Weapons
 B - the +16 obsidian axe (weapon) {drain, demonic, Mesm Drain Fly SInv}
   (You found it in the Dungeon)

   Mesm:      Its wielder is mesmerised by any visible foes, and it cannot be
   unequipped while any foes are visible.
   SInv:      It lets you see invisible.
   Fly:       It grants you flight.
   Drain:     It drains your maximum health when unequipped.
Armour
 C - the +15 Maxwell's patent armour (worn) {-Cast -Tele rElec Will+ rCorr}
   (You found it in the Dungeon)

   rElec:     It insulates you from electricity.
   -Cast:     It prevents spellcasting.
   -Tele:     It prevents most forms of teleportation.
   rCorr:     It protects you from acid and corrosion.
   Will:      It increases your willpower.
 D - the +18 shield of the Gong (worn) {Loud rN+ Will+ rCorr EV-5}
   (You found it in the Dungeon)

   Loud:      It is deafeningly noisy when blocking attacks.
   EV:        It affects your evasion (-5).
   rN:        It protects you from negative energy.
   rCorr:     It protects you from acid and corrosion.
   Will:      It increases your willpower.
 F - a +0 pair of gloves of strength (worn)
 U - a +0 cloak of willpower (worn)
Jewellery
 r - the ring of Oenomania (left hand) {rElec rF+ EV+5 Str+3}
   (You found it in the Dungeon)

   [ring of evasion]

   EV:        It affects your evasion (+5).
   Str:       It affects your strength (+3).
   rF:        It protects you from fire.
   rElec:     It insulates you from electricity.
 v - a +6 ring of strength (right hand)
 J - the ring "Juwuec" {rPois rC+ Str+5 SInv}
   (You found it in the Dungeon)

   [ring of protection from cold]

   Str:       It affects your strength (+5).
   rC:        It protects you from cold.
   rPois:     It protects you from poison.
   SInv:      It lets you see invisible.
Wands
 x - a wand of mindburst (20)
 y - a wand of iceblast (24)
 z - a wand of quicksilver (7)
 L - a wand of flame (47)
 N - a wand of charming (6)
 P - a wand of digging (6)
 V - a wand of polymorph (10)
Scrolls
 i - 4 scrolls of blinking
 n - 4 scrolls of amnesia
 o - 7 scrolls of fog
 p - 5 scrolls of identify
 q - 2 scrolls of fear
 E - 5 scrolls of brand weapon
 O - 4 scrolls of enchant weapon
 R - 4 scrolls of enchant armour
Potions
 c - 7 potions of might
 d - 8 potions of curing
 e - 13 potions of heal wounds
 f - 10 potions of haste
 g - 7 potions of magic
 h - 3 potions of berserk rage
 j - 2 potions of brilliance
 k - 2 potions of invisibility
 l - 4 potions of resistance
Miscellaneous
 a - a piece from Xom's chessboard (15/15)
 b - a box of beasts
 A - a lightning rod (4/4)
 Z - a tin of tremorstones (2/2)


   Skills:
 O Level 27 Fighting
 O Level 27 Axes
 O Level 27 Armour
 + Level 25.1 Dodging
 - Level 3.9 Stealth
 O Level 27 Shields
 - Level 3.4 Unarmed Combat
 + Level 21.0 Invocations


You had 15 spell levels left.
You didn't know any spells.
Your spell library contained the following spells:

 Spells                   Type           Power      Damage    Failure   Level
 Kiss of Death            Conj/Necr      0%         2d5       67%         1
 Magic Dart               Conj           0%         1d3       67%         1
 Lesser Beckoning         Tloc           0%         N/A       82%         2
 Searing Ray              Conj           0%         2d4       82%         2
 Gell's Gravitas          Tloc           0%         N/A       96%         3
 Hailstorm                Conj/Ice       0%         3d3       96%         3
 Inner Flame              Hex/Fire       0%         N/A       96%         3
 Stone Arrow              Conj/Erth      0%         3d7       96%         3
 Summon Guardian Golem    Hex/Summ       0%         N/A       96%         3
 Teleport Other           Tloc           0%         N/A       96%         3
 Animate Armour           Summ/Erth      0%         N/A       100%        4
 Animate Dead             Necr           0%         N/A       100%        4
 Dispel Undead            Necr           0%         3d6       100%        4
 Fulminant Prism          Conj/Hex       0%         3d5       100%        4
 Summon Ice Beast         Ice/Summ       0%         N/A       100%        4
 Agony                    Necr           0%         N/A       100%        5
 Iskenderun's Battlesphe  Conj           0%         2d6       100%        5
 Yara's Violent Unravell  Hex/Tmut       0%         3d3       100%        5
 Iron Shot                Conj/Erth      0%         9d1       100%        6
 Simulacrum               Ice/Necr       0%         N/A       100%        6
 Enfeeble                 Hex            0%         N/A       100%        7
 Haunt                    Necr/Summ      0%         N/A       100%        7
 Malign Gateway           Summ/Tloc      0%         N/A       100%        7
 Orb of Destruction       Conj           0%         9d5       100%        7
 Ozocubu's Refrigeration  Ice            0%         4d7       100%        7
 Spellforged Servitor     Conj/Summ      0%         N/A       100%        7
 Borgnjor's Revivificati  Necr           0%         N/A       100%        8
 Infestation              Necr           0%         N/A       100%        8
 Lehudib's Crystal Spear  Conj/Erth      0%         10d2      100%        8
 Summon Horrible Things   Summ           0%         N/A       100%        8
 Polar Vortex             Ice            0%         N/A       100%        9


Dungeon Overview and Level Annotations

Branches:
Dungeon (1/1)

Altars:
Ashenzari
Cheibriados
Dithmenos
Elyvilon
Fedhas
Gozag
Hepliaklqana
Kikubaaqudgha
Makhleb
Nemelex Xobeh
Okawaru
Qazlal
Ru
Sif Muna
Trog
Uskayaw
Vehumet
Wu Jian
Xom
Yredelemnul
Zin
The Shining One
Jiyva
Lugonu


Innate Abilities, Weirdness & Mutations

You have a pair of horns on your head.
You reflexively headbutt those who attack you in melee.
You sometimes lose your temper in combat.
Your mind is acute. (Int +4, Str/Dex -1)
Your magical capacity is low. (-10% MP)
You are weak. (Str -2)
You have hidden genetic potential.
Your spells are a little easier to cast, but a little less powerful.


Message History

You block the soul eater's attack.
PTOANNNG!
The quokka zombie bites your smoke demon.
The soul eater hits your smoke demon.
Your smoke demon dies!
Your smoke demon disappears in a puff of smoke!
The shadow dragon breathes negative energy at you.
The bolt of negative energy misses you.
The bolt of negative energy misses your ynoxinul.
The bolt of negative energy hits your ufetubus.
Your ufetubus completely resists.
The tainted leviathan hits you but does no damage.
The tainted leviathan closely misses you.
The bone dragon bites your ice devil!
Your ice devil dies!
Your ice devil disappears in a puff of smoke!
Your ynoxinul barely misses the ghoul.
Your smoke demon gestures at the shadow dragon.
The shadow dragon is smitten.
Your ynoxinul gestures at the soul eater.
The iron shot hits the soul eater!!
The soul eater dies!
Makhleb accepts your kill.
Your life force feels restored.
Your Invocations skill increases to level 21!
A demon appears!
Visions of slaying the soul eater flood into your mind.
You are engulfed in dark miasma.
You are lethally poisoned!
You feel as though you will be slow longer.
* * * LOW HITPOINT WARNING * * *
x2 You feel extremely sick.
The soul eater misses your ufetubus. You block the soul eater's attack.
PTOANNNG!
You block the ghoul's attack.
PANG!
You block the ghoul's attack.
GONNNNG!
The tainted leviathan hits you!!
You die... .... ▓▓▓▓▓ /)[:[[[:"/|::)/ ..... |)=)|:=:))))[/) [)=". /[:="[/[)=[|/):|

||=:.
........Z.......
|[):.
.......ZZZ......
.....
......ZZW.Z.....
.....
......3D3C3.....
.....
......Zn@33.....
.....
......Z335Z.....
.....
......3§.32.....
.....
........5..D....
.....
................
.....
.............§..
▓....
..▓.........▓...
▓▓...
.▓.▓.......▓.▓..
▓...
..▓.........▓...


You could see a bone dragon (distracted), a tainted leviathan, a ghoul, a shadow
dragon (distracted, catching breath, ally target), a putrid mouth, 6 soul
eaters, 2 ball python zombies, a quokka zombie (ally target), 2 giant cockroach
zombies, a bat skeleton, 2 ball python skeletons, an adder skeleton, a quokka
skeleton, a friendly green death (summoned), a friendly smoke demon (summoned),
2 friendly ynoxinuls and 2 friendly ufetubi.

Vanquished Creatures
  An ancient lich (D)
  A bone dragon (D)
  A doom hound (D)
  A Tzitzimitl (D)
  A lich (D)
  2 deep elf master archers (D)
  9 acid blobs (D)
  A draconian monk (D)
  2 nagarajas (D)
  6 azure jellies (D)
  5 shadow dragons (D)
  3 rockslimes (D)
  A draconian knight (D)
  A deep elf sorcerer (D)
  A nargun (D)
  A draconian scorcher (D)
  6 ghouls (D)
  A draconian stormcaller (D)
  2 spriggan defenders (D)
  5 quicksilver oozes (D)
  8 vampire knights (D)
  A green draconian (D)
  3 purple draconians (D)
  A putrid mouth (D)
  A white draconian (D)
  2 black draconians (D)
  6 yellow draconians (D)
  2 red draconians (D)
  An entropy weaver (D)
  4 hydras (D)
  3 great orbs of eyes (D)
  3 spriggan air magi (D)
  A two-headed ogre (shapeshifter) (D)
  2 dancing weapons (D)
  3 naga warriors (D)
  2 vampire magi (D)
  5 soul eaters (D)
  A deep elf knight (D)
  2 skysharks (D)
  3 spriggans (D)
  A spriggan druid (D)
  5 skeletal warriors (D)
  2 deep elf archers (D)
  A steelbarb worm (D)
  A deep elf pyromancer (D)
  4 necromancers (D)
  2 ugly things (D)
  6 shining eyes (D)
  A salamander (shapeshifter) (D)
  A moth of wrath (D)
  An elephant (shapeshifter) (D)
  5 black mambas (D)
  2 guardian serpents (D)
  2 demonic crawlers (D)
  A naga mage (D)
  A cane toad (D)
  3 eyes of devastation (D)
  A hellion (D)
  A rime drake (shapeshifter) (D)
  3 yaktaurs (D)
  2 komodo dragons (D)
  2 freezing wraiths (D)
  2 polar bears (D)
  2 blink frogs (D)
  3 hornets (D)
  14 slime creatures (D)
  6 vampires (D)
  6 shadows (D)
  2 culicivoras (D)
  A jumping spider (D)
  2 yaks (D)
  2 water elementals (D)
  A basilisk (D)
  2 fire elementals (D)
  A golden eye (D)
  A naga (D)
  2 neqoxecs (D)
  2 hell hounds (D)
  3 water moccasins (D)
  2 floating eyes (D)
  3 black bears (D)
  2 wolves (D)
  A bullfrog (D)
  3 necrophages (D)
  6 wights (D)
  3 crimson imps (D)
  A quasit (D)
  An orc priest (D)
  7 jellies (D)
  2 iguanas (D)
  2 orc wizards (D)
  An adder (D)
  A river rat (D)
  A shadow imp (D)
  5 ufetubi (D)
  2 adder zombies (D)
  2 adder skeletons (D)
  An orc (D)
  3 bat skeletons (D)
  2 bat zombies (D)
  2 endoplasms (D)
  A ball python simulacrum (D)
  5 ball python skeletons (D)
  3 ball python zombies (D)
  A bat simulacrum (D)
  A giant cockroach zombie (D)
  A jackal skeleton (D)
  2 quokka simulacra (D)
  2 quokka skeletons (D)
  A quokka zombie (D)
275 creatures vanquished.

Vanquished Creatures (collateral kills)
  A doom hound (D)
  An acid blob (D)
  A quicksilver dragon (D)
  3 azure jellies (D)
  A rockslime (D)
  A very ugly thing (D)
  A draconian annihilator (D)
  A draconian shifter (D)
  A spriggan defender (D)
  2 vampire knights (D)
  3 purple draconians (D)
  A yellow draconian (D)
  A great orb of eyes (D)
  A catoblepas (D)
  A hydra (D)
  2 spriggan air magi (D)
  A vampire mage (D)
  A naga warrior (D)
  A spriggan berserker (D)
  2 soul eaters (D)
  A skyshark (D)
  2 spriggan druids (D)
  An orb spider (D)
  A lindwurm (D)
  2 glowing orange brains (D)
  4 necromancers (D)
  An ugly thing (D)
  4 shining eyes (D)
  3 moths of wrath (D)
  2 naga magi (D)
  A black mamba (D)
  A torpor snail (D)
  2 eyes of devastation (D)
  3 cane toads (D)
  A komodo dragon (D)
  A yaktaur (D)
  A tormentor (D)
  A freezing wraith (D)
  A polar bear (D)
  A tarantella (D)
  A blink frog (D)
  A shadow (D)
  4 slime creatures (D)
  A wyvern (D)
  A slime creature (shapeshifter) (D)
  A yak (D)
  2 golden eyes (D)
  2 basilisks (D)
  2 water moccasins (D)
  2 wights (D)
  A jelly (D)
  2 adders (D)
  An adder zombie (D)
  An adder skeleton (D)
  An adder simulacrum (D)
  3 bat skeletons (D)
  2 bat zombies (D)
  2 endoplasms (D)
  A jackal (D)
  A ball python skeleton (D)
  A ball python zombie (D)
  A bat simulacrum (D)
  A giant cockroach simulacrum (D)
  A jackal simulacrum (D)
  A jackal skeleton (D)
  2 quokka simulacra (D)
  A quokka zombie (D)
101 creatures vanquished.

Vanquished Creatures (others)
  A jelly (D)
  A ball python (D)
  4 bat simulacra (D)
6 creatures vanquished.

Grand Total: 382 creatures vanquished

Notes
Turn   | Place    | Note
-------+----------+-------------------------------------------
     0 | D        | 123456 the Minotaur Fighter began the quest for the Orb.
     0 | D        | Reached XP level 1. HP: 19/19 MP: 0/0
     0 | D        | Found a shimmering blue altar of Sif Muna.
     0 | D        | Found a bloodstained altar of Trog.
     0 | D        | Found a sacrificial altar of Ru.
     0 | D        | Found a stormy altar of Qazlal.
     0 | D        | Found an iron altar of Okawaru.
     1 | D        | Found a sparkling altar of Nemelex Xobeh.
     1 | D        | Found a blossoming altar of Fedhas.
     1 | D        | Found the +6 Majin-Bo {spellvamp, MP+6 Int+6}
     1 | D        | Found the +27 heavy crossbow "Sniper" {heavy, Acc+∞ SInv}
     1 | D        | Found the +10 dark maul {heavy}
     1 | D        | Found the +15 Maxwell's patent armour {-Cast -Tele rElec
                  | Will+ rCorr}
     1 | D        | Found the +18 shield of the Gong {Loud rN+ Will+ rCorr
                  | EV-5}
     1 | D        | Found the +16 obsidian axe {drain, demonic, Mesm Drain Fly
                  | SInv}
     1 | D        | Found the +7 great mace "Firestarter" {flame, immolate,
                  | rFlCloud rF++}
     1 | D        | Found the +6 shillelagh "Devastator" {shatter}
     1 | D        | Found the +11 plutonium sword {Contam Stlth-}
     1 | D        | Found the +8 lance "Wyrmbane" {slay drac, rPois rF+ rC+
                  | AC+3}
     1 | D        | Found the +9 sword of Zonguldrok {reap}
     1 | D        | Found the +13 scythe of Curses {drain, curses, Drain}
     1 | D        | Found the +9 sword of Power {lifebolt}
     1 | D        | Found the +7 mace of Variability {chaos, chaos arc}
     1 | D        | Found the +11 Singing Sword {sonic wave}
     1 | D        | Found the +8 storm bow {elec, penet}
     3 | D        | Found a transporter.
     3 | D        | Found an ancient bone altar of Kikubaaqudgha.
     3 | D        | Found a viscous altar of Jiyva.
     3 | D        | Found a corrupted altar of Lugonu.
     3 | D        | Found a hazy altar of Hepliaklqana.
     3 | D        | Found a burning altar of Makhleb.
     3 | D        | Found an opulent altar of Gozag.
     5 | D        | Reached skill level 5 in Armour
     5 | D        | Reached XP level 2. HP: 34/34 MP: 1/1
   133 | D        | Became a worshipper of Makhleb the Destroyer
   143 | D        | Entered arena 2.
   143 | D        | Found a transporter.
   151 | D        | Reached XP level 3. HP: 36/40 MP: 2/2
   154 | D        | Got Koth's Spellbook of Abstinence
   171 | D        | Entered arena 3.
   171 | D        | Found a transporter.
   174 | D        | Reached * piety under Makhleb
   175 | D        | Reached skill level 1 in Axes
   175 | D        | Reached skill level 5 in Shields
   175 | D        | Reached XP level 4. HP: 45/48 MP: 3/3
   191 | D        | Entered arena 4.
   191 | D        | Noticed a yaktaur
   191 | D        | Noticed a yaktaur
   191 | D        | Noticed a yaktaur
   191 | D        | Noticed a yaktaur
   191 | D        | Found a transporter.
   198 | D        | Killed a yaktaur
   198 | D        | Reached ** piety under Makhleb
   198 | D        | Killed a yaktaur
   199 | D        | Reached skill level 10 in Fighting
   199 | D        | Reached skill level 10 in Shields
   199 | D        | Reached XP level 5. HP: 21/59 MP: 4/4
   199 | D        | Reached XP level 6. HP: 24/67 MP: 5/5
   199 | D        | Reached XP level 7. HP: 26/73 MP: 6/6
   199 | D        | Killed a yaktaur
   200 | D        | Killed a yaktaur
   201 | D        | Reached skill level 10 in Axes
   201 | D        | Reached XP level 8. HP: 37/82 MP: 7/7
   342 | D        | Entered arena 5.
   342 | D        | Found a transporter.
   345 | D        | Reached *** piety under Makhleb
   363 | D        | Entered arena 6.
   363 | D        | Found a transporter.
   365 | D        | Reached **** piety under Makhleb
   368 | D        | Reached skill level 1 in Stealth
   378 | D        | Entered arena 7.
   378 | D        | Noticed a quicksilver dragon
   379 | D        | Found a transporter.
   381 | D        | Reached ***** piety under Makhleb
   384 | D        | Killed a quicksilver dragon
   385 | D        | Reached skill level 10 in Armour
   385 | D        | Reached XP level 9. HP: 63/92 MP: 8/8
   396 | D        | Got the ring "Juwuec" {rPois rC+ Str+5 SInv}
   471 | D        | Entered arena 8.
   472 | D        | Found a transporter.
   474 | D        | Reached ****** piety under Makhleb
   492 | D        | Entered arena 9.
   492 | D        | Noticed a spriggan rider
   492 | D        | Noticed a spriggan rider
   493 | D        | Found a transporter.
   496 | D        | Killed a spriggan rider
   501 | D        | Killed a spriggan rider
   502 | D        | Reached XP level 10. HP: 102/102 MP: 9/9
   506 | D        | Got the ring of Life {*Corrode rC+ Will+ Str+4}
   516 | D        | Entered arena 10.
   516 | D        | Noticed an eye of devastation
   517 | D        | Found a transporter.
   527 | D        | Killed an eye of devastation
   638 | D        | Entered arena 11.
   639 | D        | Found a transporter.
   671 | D        | Entered arena 12.
   671 | D        | Noticed a great orb of eyes
   671 | D        | Noticed a quicksilver ooze
   671 | D        | Noticed a rockslime
   671 | D        | Noticed a shining eye
   672 | D        | Noticed a glowing orange brain
   672 | D        | Noticed a shining eye
   673 | D        | Found a transporter.
   673 | D        | Paralysed by a floating eye for 3 turns
   678 | D        | Killed a shining eye
   679 | D        | Reached skill level 15 in Shields
   680 | D        | Killed a rockslime
   680 | D        | Paralysed by a floating eye for 2 turns
   682 | D        | Killed a shining eye
   683 | D        | Killed a quicksilver ooze
   684 | D        | Reached XP level 11. HP: 95/111 MP: 10/10
   687 | D        | Killed a great orb of eyes
   688 | D        | Reached skill level 15 in Fighting
   688 | D        | Reached skill level 5 in Dodging
   688 | D        | Killed a glowing orange brain
   717 | D        | Entered arena 13.
   717 | D        | Noticed an entropy weaver
   717 | D        | Noticed an orb spider
   718 | D        | Noticed a steelbarb worm
   719 | D        | Found a transporter.
   721 | D        | Killed an entropy weaver
   728 | D        | Killed a steelbarb worm
   733 | D        | Killed an orb spider
   749 | D        | Got Garol's Commentary on the Geodesic and Conjury
   844 | D        | Entered arena 14.
   845 | D        | Noticed a shining eye
   845 | D        | Noticed a brown ugly thing
   845 | D        | Noticed a sea snake
   845 | D        | Noticed a white ugly thing
   845 | D        | Noticed a brown very ugly thing
   845 | D        | Noticed a purple ugly thing
   845 | D        | Gained mutation: Your spells are a little easier to cast,
                  | but a little less powerful. [a shining eye]
   846 | D        | a water nymph changed into a swamp dragon
   846 | D        | Noticed a swamp dragon (glowing shapeshifter)
   846 | D        | Noticed a harpy
   848 | D        | an eye of devastation changed into a glowing shapeshifter
   848 | D        | Noticed a glowing shapeshifter (glowing shapeshifter)
   849 | D        | Found a transporter.
   849 | D        | a glowing shapeshifter changed into an orb spider
   849 | D        | Noticed an orb spider (glowing shapeshifter)
   849 | D        | a swamp dragon changed into an elephant
   849 | D        | a sea snake changed into a slime creature
   851 | D        | an orb spider changed into a two-headed ogre
   851 | D        | Noticed a two-headed ogre (glowing shapeshifter)
   851 | D        | a harpy changed into a rime drake
   853 | D        | Gained mutation: Your magical capacity is low. (-10% MP) [a
                  | shining eye]
   854 | D        | Killed a white ugly thing
   854 | D        | Killed a brown ugly thing
   855 | D        | Killed a shining eye
   855 | D        | Killed a white very ugly thing
   857 | D        | Reached XP level 12. HP: 124/124 MP: 9/9
   858 | D        | Killed a two-headed ogre
   877 | D        | Got the ring "Gihyr" {*Corrode rElec rPois rN+ Stlth+}
   884 | D        | Entered arena 15.
   885 | D        | Noticed a deep elf sorcerer
   886 | D        | Noticed a deep elf master archer
   886 | D        | Noticed a deep elf master archer
   887 | D        | Found a transporter.
   892 | D        | Reached skill level 15 in Armour
   893 | D        | Killed a deep elf sorcerer
   894 | D        | Killed a deep elf master archer
   902 | D        | Killed a deep elf master archer
   932 | D        | Entered arena 16.
   933 | D        | Noticed a vampire knight
   933 | D        | Noticed a ghoul
   933 | D        | Noticed a vampire knight
   934 | D        | Noticed a vampire mage
   935 | D        | Found a transporter.
   940 | D        | Killed a ghoul
   946 | D        | Killed a vampire mage
   947 | D        | Reached skill level 10 in Dodging
   947 | D        | Reached XP level 13. HP: 102/139 MP: 10/10
   949 | D        | Killed a vampire knight
   953 | D        | Killed a vampire knight
   971 | D        | Got Sif Muna's Encyclopedia of Mortuary Lithomancy
  1023 | D        | Entered arena 17.
  1026 | D        | Noticed a vampire knight
  1026 | D        | Noticed a vampire knight
  1028 | D        | Found a transporter.
  1031 | D        | Killed a vampire knight
  1033 | D        | Killed a vampire knight
  1057 | D        | Entered arena 18.
  1062 | D        | Found a transporter.
  1082 | D        | Entered arena 19.
  1085 | D        | Noticed a nagaraja
  1086 | D        | Noticed a nagaraja
  1086 | D        | Found the dreamshard necklace {*Dream Drain}
  1087 | D        | Found a transporter.
  1096 | D        | Killed a nagaraja
  1097 | D        | Reached skill level 1 in Invocations
  1097 | D        | Killed a nagaraja
  1146 | D        | Entered arena 20.
  1151 | D        | Noticed an azure jelly
  1152 | D        | Noticed an azure jelly
  1152 | D        | Noticed a nargun
  1155 | D        | Found a transporter.
  1160 | D        | Killed an azure jelly
  1161 | D        | Killed a nargun
  1162 | D        | Reached XP level 14. HP: 62/157 MP: 12/14
  1164 | D        | Killed an azure jelly
  1422 | D        | Entered arena 21.
  1426 | D        | Noticed a red draconian scorcher
  1426 | D        | Noticed a yellow draconian annihilator
  1427 | D        | Noticed a white draconian stormcaller
  1427 | D        | Noticed a black draconian knight
  1428 | D        | Noticed a green draconian monk
  1431 | D        | Noticed a purple draconian shifter
  1432 | D        | Killed a yellow draconian annihilator
  1434 | D        | Killed a red draconian scorcher
  1439 | D        | Reached skill level 5 in Invocations
  1445 | D        | Killed a green draconian monk
  1448 | D        | Killed a black draconian knight
  1453 | D        | Killed a white draconian stormcaller
  1463 | D        | Acquired a manual of Armour
  1465 | D        | Killed a purple draconian shifter
  1466 | D        | Reached skill level 15 in Dodging
  1468 | D        | Found a transporter.
  1736 | D        | Entered arena 22.
  1740 | D        | Noticed an acid blob
  1740 | D        | Noticed an acid blob
  1741 | D        | Noticed an acid blob
  1741 | D        | Noticed an acid blob
  1741 | D        | Noticed an acid blob
  1742 | D        | Noticed a quicksilver ooze
  1742 | D        | Noticed a quicksilver ooze
  1743 | D        | Noticed a quicksilver ooze
  1743 | D        | Noticed an azure jelly
  1743 | D        | Noticed an acid blob
  1747 | D        | Killed an acid blob
  1748 | D        | Killed an acid blob
  1749 | D        | Killed an acid blob
  1751 | D        | Killed a quicksilver ooze
  1752 | D        | Killed an acid blob
  1752 | D        | Killed a quicksilver ooze
  1752 | D        | Killed an acid blob
  1753 | D        | Reached XP level 15. HP: 160/172 MP: 18/18
  1757 | D        | Killed an acid blob
  1759 | D        | Killed an azure jelly
  1760 | D        | Gained mutation: You sometimes lose your temper in combat.
                  | [a shining eye]
  1762 | D        | Gained mutation: You are weak. (Str -2) [a shining eye]
  1766 | D        | Reached skill level 10 in Invocations
  1766 | D        | Gained mutation: You have hidden genetic potential. [a
                  | shining eye]
  1767 | D        | Found a transporter.
  1781 | D        | Got the ring of Oenomania {rElec rF+ EV+5 Str+3}
  1788 | D        | Entered arena 23.
  1794 | D        | Found the +5 Lochaber axe {reach-cleave, Poleaxe Drain}
  1800 | D        | Reached skill level 27 in Fighting
  1817 | D        | Reached skill level 27 in Axes
  1817 | D        | Found a transporter.
  1884 | D        | Got the ring "Nafoplo" {Fire Str+2 Dex+2}
  1893 | D        | Entered arena 24.
  1900 | D        | Noticed a lich
  1900 | D        | Noticed an ancient lich
  1900 | D        | Found the +3 greatsling "Punk" {acid, rCorr}
  1905 | D        | Found a transporter.
  1914 | D        | Killed an ancient lich
  1916 | D        | Killed a lich
  1924 | D        | Reached XP level 16. HP: 183/183 MP: 21/23
  1955 | D        | Got the ring "Katta" {rF+ Dex+3}
  1958 | D        | Entered arena 25.
  1965 | D        | Noticed an acid blob
  1966 | D        | Noticed an acid blob
  1966 | D        | Noticed an acid blob
  1967 | D        | Noticed an acid blob
  1968 | D        | Paralysed by a floating eye for 2 turns
  1972 | D        | Reached skill level 15 in Invocations
  1975 | D        | Paralysed by a floating eye for 2 turns
  1976 | D        | Gained mutation: Your mind is acute. (Int +4, Str/Dex -1)
                  | [hidden potential]
  1978 | D        | Killed an acid blob
  1980 | D        | Killed an acid blob
  1985 | D        | Reached skill level 27 in Armour
  1987 | D        | Killed an acid blob
  1988 | D        | Reached skill level 27 in Shields
  1993 | D        | Found a transporter.
  1998 | D        | Killed an acid blob
  2012 | D        | Entered arena 26.
  2021 | D        | Noticed a shadow dragon
  2021 | D        | Noticed a doom hound
  2021 | D        | Noticed a Tzitzimitl
  2021 | D        | Noticed a bone dragon
  2021 | D        | Noticed a shadow dragon
  2021 | D        | Noticed a shadow dragon
  2022 | D        | Noticed a doom hound
  2022 | D        | Noticed a shadow dragon
  2022 | D        | Noticed a shadow dragon
  2022 | D        | Noticed a bone dragon
  2022 | D        | Noticed a tainted leviathan
  2023 | D        | Noticed a shadow dragon
  2030 | D        | Killed a doom hound
  2031 | D        | Killed a shadow dragon
  2031 | D        | Killed a doom hound
  2036 | D        | Killed a bone dragon
  2038 | D        | Killed a shadow dragon
  2039 | D        | Killed a Tzitzimitl
  2039 | D        | Killed a shadow dragon
  2044 | D        | Killed a shadow dragon
  2047 | D        | HP: 8/177 [bone dragon (6)]
  2052 | D        | Killed a shadow dragon
  2054 | D        | HP: 3/183 [poisoned by a tainted leviathan (dark miasma)]
  2054 | D        | Demolished by a tainted leviathan

Illustrated notes

Levels and vault maps discovered:
D:        sprint_v [room_start, room_1, room_2, room_3, room_4, room_5, room_6,
          room_7, room_8, room_9, room_10, room_11, room_12, room_13, room_14,
          room_15, room_16, room_17, room_18, room_19, room_20, room_21,
          room_22, room_23, room_24, room_25, room_26, room_27]

Skill      XL: |  1  2  3  4  5  6  7  8  9 10 11 12 13 14 15 16 |
---------------+-------------------------------------------------+-----
Fighting       | 7 8 10 11 12 13 14 16 20 23 26 27 | 27.0
Armour         | 5 6 8 9 10 12 14 16 18 21 25 27 | 27.0
Dodging        | 3 4 6 10 13 15 19 25 | 25.1
Shields        | 4 5 10 11 13 14 15 17 19 21 22 25 27 | 27.0
Axes           | 1 8 10 14 17 19 21 23 24 25 27 | 27.0
Unarmed Combat | 3 |  3.4
Stealth        | 2 3 |  3.9
Invocations    | 3 9 14 21 | 21.0

Action                     |  1- 3 |  4- 6 |  7- 9 | 10-12 | 13-15 | 16-18 || total
---------------------------+-------+-------+-------+-------+-------+-------++-------
  Melee: Broad axe         |     7 |     5 |    21 |    73 |   145 |    68 ||   319
         Headbutt          |       |       |     5 |    20 |    38 |    15 ||    78
 Invoke: Greater Servant o |       |       |       |       |     1 |     1 ||     2
         Major Destruction |       |       |       |       |     1 |       ||     1
    Use: Potion            |     1 |       |       |       |       |     3 ||     4
         Scroll            |       |       |       |       |     1 |       ||     1
   Stab: Distracted        |       |       |     1 |     3 |     7 |     6 ||    17
         Confused          |       |       |       |       |     1 |       ||     1
 Armour: Plate armour      |    23 |     5 |    12 |    48 |   120 |    98 ||   306
  Dodge: Dodged            |       |       |     2 |    11 |    77 |    89 ||   179
  Block: Kite shield       |    23 |    18 |    34 |   126 |   269 |   165 ||   635

Table legend: (Time is in decaauts)
 A = Elapsed time spent in this place.
 B = Non-inter-level travel time spent in this place.
 C = Inter-level travel time spent in this place.
 D = Time resting spent in this place.
 E = Time spent auto-exploring this place.
 F = Levels seen in this place.
 G = Mean time per level.
                   A        B        C        D        E       F      G
               +--------+--------+--------+--------+--------+-----+--------+
         Total |   2021 |   2012 |      9 |    987 |      9 |   1 | 2021.0 |
       Dungeon |   2021 |   2012 |      9 |    987 |      9 |   1 | 2021.0 |
               +--------+--------+--------+--------+--------+-----+--------+

Top non-repeatable levels by time:
       D: 2021 daAuts
